 Dungeon Crawl Stone Soup version 0.17-a0-1748-g222fba8 (webtiles) character file.

46 gp7 the Chucker (level 3, -5/29 HPs)
             Began as a Centaur Hunter on Sept 2, 2015.
             Was an Initiate of Qazlal.
             Slain by a gnoll
             ... wielding a +0 halberd
              (13 damage)
             ... on level 2 of the Dungeon.
             The game lasted 00:03:42 (814 turns).

gp7 the Chucker (Centaur Hunter)                     Turns: 814, Time: 00:03:42

Health: -5/29      AC:  8    Str: 14    XL:     3   Next: 44%
Magic:  3/3        EV:  8    Int: 10    God:    Qazlal [......]
Gold:   33         SH:  0    Dex: 10    Spells: 0 memorised, 2 levels left

rFire  . . .     SeeInvis .     c - +0 short sword
rCold  . . .     Clarity  .     q - +3 ring mail
rNeg   . . .     SustAt   .     (no shield)
rPois  .         Gourm    .     (no helmet)
rElec  .         Spirit   .     (no cloak)
rCorr  .         Warding  .     (no gloves)
rMut   .         Stasis   .     (no barding)
MR     .....                    (no amulet)
Stlth  +.........               (no ring)
                                i - ring of stealth

@: very quick, not resistant to hostile enchantments, very unstealthy
A: hooves 3, deformed body, speed 2, tough skin 3
a: Renounce Religion


You were on level 2 of the Dungeon.
You worshipped Qazlal.
Qazlal was noncommittal.
You were not hungry.

You visited 1 branch of the dungeon, and saw 2 of its levels.

You collected 33 gold pieces.

Inventory:

Hand weapons
 c - a +0 short sword (weapon)
Armour
 d - a +0 leather armour
 q - a +3 ring mail (worn)
Jewellery
 i - a ring of stealth (left hand)
 n - an uncursed ring of flight {unknown}
Scrolls
 f - a scroll of amnesia {unknown}
 g - a scroll of identify {unknown}
 k - 2 scrolls of remove curse {unknown}
Potions
 b - a potion of flight {unknown}
 h - a potion of haste {unknown}
 l - a potion of curing {unknown}
 m - a potion of agility {unknown}
Comestibles
 e - 2 bread rations
 j - a meat ration
 o - 4 chunks of flesh


   Skills:
 + Level 2.2 Fighting
 * Level 6.1 Throwing
 + Level 1.7 Dodging
 - Level 1.1 Stealth
 + Level 0.4 Invocations


You had 2 spell levels left.
You didn't know any spells.

Dungeon Overview and Level Annotations

Branches:
Dungeon (2/15)

Altars:
Qazlal

Annotations:
D:2 Sigmund


Innate Abilities, Weirdness & Mutations

You have hooves in place of feet.
Armour fits poorly on your strangely shaped body.
You cover ground very quickly.
You have extremely tough skin (AC +3).


Message History

The gnoll hits you but does no damage.
The gnoll struggles against the net.
You hit the gnoll but do no damage.
The gnoll is heavily wounded.
The gnoll barely misses you.
The gnoll struggles against the net.
You hit the gnoll. You kick the gnoll, but do no damage.
The gnoll is heavily wounded.
The gnoll closely misses you.
The gnoll struggles against the net.
You hit the gnoll but do no damage.
The gnoll is heavily wounded.
The gnoll hits you.
* * * LOW HITPOINT WARNING * * *
The gnoll struggles to escape the net.
You hit the gnoll.
You kill the gnoll!
Qazlal accepts your kill.
The gnoll struggles against the net.
The net rips apart, and the gnoll comes free!
The gnoll closely misses you. The gnoll hits you with a halberd!
You die...

.....#.. #....... .
####... .. ###
#####... (((##..
##...>... ...(...
#..##.##. .....##
##.#...##.
#.g.#######....#####
#@#.......#.######
#.†...............
##......##.#######
#..........##
##..........#
#..........#
##>.......##
##########


You could see a gnoll.

Vanquished Creatures
  2 gnolls (D:2)
  4 bats
  A giant cockroach (D:2)
  6 hobgoblins
  3 giant newts
  A goblin (D:2)
  4 kobolds (D:1)
  A quokka (D:2)
  7 rats
29 creatures vanquished.

Notes
Turn   | Place    | Note
--------------------------------------------------------------
     0 | D:1      | gp7 the Centaur Hunter began the quest for the Orb.
     0 | D:1      | Reached XP level 1. HP: 17/17 MP: 1/1
   264 | D:1      | Reached XP level 2. HP: 24/24 MP: 2/2
   521 | D:2      | Reached skill level 1 in Stealth
   592 | D:2      | Found a stormy altar of Qazlal.
   599 | D:2      | Noticed Sigmund
   600 | D:2      | Became a worshipper of Qazlal Stormbringer
   805 | D:2      | Reached skill level 6 in Throwing
   805 | D:2      | Reached XP level 3. HP: 18/29 MP: 3/3
   814 | D:2      | Slain by a gnoll

Vault maps used:
D:1:      saegor_arrival_simple_d
D:2:      first_bread, minmay_fountain_box, minivault_5, grunt_qazlal_clouds,
          uniq_sigmund

Action                   || total
-------------------------++-------
Melee: Short sword       ||    25
Throw: Javelin           ||    44
       Throwing net      ||     4
